 Dungeon Crawl Stone Soup version 0.28.0-53-g5a82cb258f (webtiles) character file.

Game seed: 9390190458458823333

373 MalarOregon the Skirmisher (level 6, 0/78 HPs)
             Began as a Palentonga Berserker on June 15, 2022.
             Was a Believer of Trog.
             Slain by a wyvern zombie (5 damage)
             ... on level 5 of the Dungeon.
             The game lasted 00:07:44 (4985 turns).

MalarOregon the Skirmisher (Palentonga Berserker)   Turns: 4985, Time: 00:07:45

Health: 0/78       AC:  4    Str: 22    XL:     6   Next: 43%
Magic:  6/6        EV: 10    Int:  8    God:    Trog [**....]
Gold:   154        SH:  0    Dex:  9    Spells: 5/5 levels left

rFire   . . .      SeeInvis +   a - +0 hand axe
rCold   . . .      Faith    .   (no shield)
rNeg    . . .      Spirit   .   t - +0 leather armour {rPois}
rPois   +          Reflect  .   (no helmet)
rElec   .          Harm     .   (no cloak)
rCorr   .          Rampage  .   (no gloves)
Will    .....                   (no barding)
Stlth   ..........              (no amulet)
HPRegen 0.23/turn               (no ring)
MPRegen 0.10/turn               (no ring)

@: berserking, very quick
A: large, rugged brown scales 3, see invisible, deformed body, roll 1, armoured
tail
a: Rolling Charge, Renounce Religion, Berserk, Trog's Hand


You were on level 5 of the Dungeon.
You worshipped Trog.
Trog was pleased with you.
You visited 1 branch of the dungeon, and saw 5 of its levels.

You collected 154 gold pieces.


Innate Abilities, Weirdness & Mutations

You are completely covered in rugged brown scales. (AC +3, +7% HP)
You have supernaturally acute eyesight. (SInv)
Armour fits poorly on your strangely shaped body.
You can roll at nearby foes to attack.
You have a long armoured tail.


   Skills:
 + Level 4.4 Fighting
 + Level 4.4 Axes
 + Level 3.1 Armour
 + Level 3.1 Dodging


You had 5 spell levels left.
You didn't know any spells.
Your spell library was empty.

Inventory:

Hand Weapons
 a - a +0 hand axe (weapon)
 f - the +7 hunting sling of the Shark {flame, Dex+3}
   (You found it on level 3 of the Dungeon)

   Any ammunition fired from it burns those it strikes, dealing additional fire
   damage.
   Dex:       It affects your dexterity (+3).
 p - a +0 shortbow
   (You took it off a centaur on level 4 of the Dungeon)
Missiles
 j - 57 arrows
 k - 128 stones (quivered)
 l - 23 bolts
Armour
 t - a +0 leather armour of poison resistance (worn)
   (You found it on level 4 of the Dungeon)
Scrolls
 b - a scroll of enchant armour {unknown}
 c - a scroll of immolation {unknown}
 g - 2 scrolls of amnesia {unknown}
 h - a scroll of holy word {unknown}
 i - a scroll of identify {unknown}
 r - a scroll of blinking {unknown}
 s - a scroll of teleportation {unknown}
Potions
 d - a potion of heal wounds {unknown}
 m - a potion of cancellation {unknown}
 n - a potion of mutation {unknown}
 o - a potion of lignification {unknown}
 q - a potion of haste {unknown}

Dungeon Overview and Level Annotations

Branches:
Dungeon (5/15)
 Temple: D:4-7

Altars:
Dithmenos
Elyvilon
Kikubaaqudgha
Ru
Vehumet
Wu Jian
Xom
Yredelemnul

Shops:
D:3 (   D:4 (

Annotations:
D:4 ogre

...# ....# ...##
###+###+#####....#
.................#
................##.
...................
.....$Z@...........
.##########.....##
########.....##.....#
#.....'.............#
#.....#..............#
#.....#..............# ##
#########'############ #.
.....................######.
...............<.....#....#.


You could see a wyvern zombie.


Message History

An orc comes into view. It is wielding a +0 hand axe.
There is an open door here.
You closely miss the orc. The orc hits you with a +0 short sword.
There is an open door here.
There is a stone staircase leading up here.
You hit the orc. You tail-slap the orc.
You kill the orc!
Trog accepts your kill.
You slash the orc!
You kill the orc!
Trog accepts your kill. The orc hits you but does no damage.
You hit the orc. x2; The orc misses you.
The orc barely misses you.
You barely miss the orc. You hit the orc. The orc closely misses you.
The orc hits you but does no damage.
You closely miss the orc.
Your tail-slap misses the orc.
You slash the orc!
You kill the orc!
Trog accepts your kill. The orc barely misses you.
You closely miss the orc.
Your tail-slap misses the orc.
The orc hits you but does no damage. The orc barely misses you.
You barely miss the orc. The orc closely misses you.
You barely miss the orc. The orc closely misses you.
You hit the orc. The orc hits you with a +0 mace.
You slash the orc!
You kill the orc!
Trog accepts your kill.
No target in view!
There is a stone staircase leading up here.
You start resting.
Unknown command.
Items here: )) [ †.
Things that are here:
a +0 short sword; an orc corpse
Things that are here:
a +0 mace; an orc corpse The sentinel's mark upon you fades away.
You open the door.
There is an open door here.
Found a shimmering altar of Xom.
Found an ornate altar of the Wu Jian Council.
There is a shimmering altar of Xom here.
Found a radiant altar of Vehumet and a shadowy altar of Dithmenos.
There is a radiant altar of Vehumet here.
Found a sacrificial altar of Ru.
Found an escape hatch in the ceiling.
As you open the door, it creaks loudly!
There is an open door here.
As you open the door, it creaks loudly!
There is an open door here.
As you open the door, it creaks loudly!
There is an open door here.
There is a radiant altar of Vehumet here.
You open the door.
Found 11 stones.
Found a stone staircase leading down and a stone staircase leading up.
There is an open door here.
k - 128 stones (gained 11)
You open the door.
There is an open door here.
Found 9 gold pieces.
You now have 154 gold pieces (gained 9).
There is an open door here.
A hound skeleton comes into view.
A hound skeleton is nearby!
You slash the hound skeleton! You tail-slap the hound skeleton.
The hound skeleton closely misses you.
You hit the hound skeleton. You tail-slap the hound skeleton.
You destroy the hound skeleton!
Trog accepts your kill.
No target in view!
You open the door.
There is an open door here.
As you open the door, it creaks loudly!
There is an open door here.
Found 3 gold pieces.
A wyvern zombie comes into view.
A wyvern zombie is nearby!
A wyvern zombie is nearby!
You hit the wyvern zombie but do no damage.
You tail-slap the wyvern zombie, but do no damage.
The wyvern zombie closely misses you. The wyvern zombie bites you!
You hit the wyvern zombie.
The wyvern zombie bites you but does no damage.
You barely miss the wyvern zombie. You tail-slap the wyvern zombie.
The wyvern zombie barely misses you.
You hit the wyvern zombie but do no damage.
The wyvern zombie bites you!
The wyvern zombie bites you but does no damage.
You barely miss the wyvern zombie.
The wyvern zombie bites you but does no damage.
You hit the wyvern zombie. The wyvern zombie bites you!
* * * LOW HITPOINT WARNING * * *
The wyvern zombie bites you!
* * * LOW HITPOINT WARNING * * *
A red film seems to cover your vision as you go berserk!
You feel yourself moving faster!
You feel mighty! The wyvern zombie bites you!
* * * LOW HITPOINT WARNING * * *
You slash the wyvern zombie! The wyvern zombie bites you.
You die...

Skill      XL: |  1  2  3  4  5  6 |
---------------+-------------------+-----
Dodging        | 2 3 |  3.1
Armour         | 2 3 |  3.1
Fighting       | 4 |  4.4
Axes           | 4 |  4.4

Action                   |  1- 3 |  4- 6 || total
-------------------------+-------+-------++-------
Melee: Hand axe          |   114 |   124 ||   238
       Punch             |     3 |     1 ||     4
       Tailslap          |    10 |    15 ||    25
Throw: Javelin           |       |     4 ||     4
       Stone             |       |     3 ||     3
Invok: Berserk           |     2 |     2 ||     4
 Abil: Rolling Charge    |     6 |    10 ||    16
Armor: Animal skin       |    33 |       ||    33
       Scale mail        |     1 |    41 ||    42
       Leather armour    |       |     6 ||     6
Dodge: Dodged            |    50 |    65 ||   115

Levels and vault maps discovered:
D:1:      minmay_arrival_up_and_down, layout_loops_corners,
          chequers_serial_rivers_micro_e
D:2:      layout_rooms, hellmonk_ecumenical_altar_slurped_away, minmay_rat_hole
D:3:      layout_loops_ring, kennysheep_ying_yang,
          lemuel_coloured_pillars_altar, serial_shops, shop
D:4:      layout_gridville, serial_shops, nicolae_shop_bloodbath_and_beyond,
          chequers_jeans
D:5:      layout_gridville, nicolae_overflow_hallway_of_the_gods,
          hellmonk_bongcloud_opening, nrook_mini_vaults, uniq_ijyb

Notes
Turn   | Place    | Note
-------+----------+-------------------------------------------
     0 | D:1      | MalarOregon the Palentonga Berserker began the quest for
                  | the Orb.
     0 | D:1      | Reached XP level 1. HP: 19/19 MP: 1/1
   196 | D:1      | Reached XP level 2. HP: 11/25 MP: 2/2
  1157 | D:2      | Reached skill level 2 in Dodging
  1160 | D:2      | Reached skill level 2 in Armour
  1210 | D:2      | Reached XP level 3. HP: 22/31 MP: 3/3
  1436 | D:2      | Found a faded altar of an unknown god.
  1625 | D:2      | Reached ** piety under Trog
  1971 | D:3      | Reached XP level 4. HP: 37/37 MP: 4/4
  2363 | D:3      | Identified the +7 hunting sling of the Shark {flame, Dex+3}
  2611 | D:3      | Found Dezistad's Antique Weapon Emporium.
  2693 | D:3      | Found a white marble altar of Elyvilon.
  2984 | D:3      | Found a basalt altar of Yredelemnul.
  3168 | D:3      | Found an ancient bone altar of Kikubaaqudgha.
  3447 | D:4      | Reached XP level 5. HP: 39/44 MP: 5/5
  3508 | D:4      | Noticed an ogre
  3614 | D:4      | Found Pevash's Weapon Shop.
  3852 | D:4      | Noticed a centaur
  3861 | D:4      | Killed a centaur
  3862 | D:4      | Reached skill level 4 in Fighting
  3862 | D:4      | Reached skill level 4 in Axes
  3871 | D:4      | Reached skill level 3 in Armour
  3871 | D:4      | Reached XP level 6. HP: 30/51 MP: 6/6
  3894 | D:4      | HP: 8/51 [ogre/+0 giant spiked club (26)]
  3963 | D:4      | HP: 6/51 [ogre/+0 giant spiked club (14)]
  4286 | D:4      | Reached skill level 3 in Dodging
  4715 | D:5      | Entered Level 5 of the Dungeon
  4761 | D:5      | Found a shimmering altar of Xom.
  4764 | D:5      | Found an ornate altar of the Wu Jian Council.
  4771 | D:5      | Found a radiant altar of Vehumet.
  4771 | D:5      | Found a shadowy altar of Dithmenos.
  4778 | D:5      | Found a sacrificial altar of Ru.
  4983 | D:5      | HP: 12/52 [wyvern zombie (10)]
  4984 | D:5      | HP: 5/78 [wyvern zombie (14)]
  4985 | D:5      | Slain by a wyvern zombie

Vanquished Creatures
  A centaur (D:4)
  2 water moccasin skeletons (D:4)
  2 hound skeletons
  A howler monkey zombie (D:4)
  5 gnolls
  2 adders
  An ufetubus (D:3)
  3 dart slugs
  9 orcs
  3 endoplasms
  2 giant cockroaches (D:4)
  6 goblins
  7 hobgoblins
  3 jackals (D:2)
  A kobold (D:4)
  3 quokkas
  6 ball pythons
  A bat (D:3)
  3 frilled lizards
  20 rats
81 creatures vanquished.

Table legend:
 A = Non-vault XP
 B = Vault XP
 C = Vault XP percentage of total XP
 D = Non-vault monster count
 E = Vault monster count
 F = Vault count percentage of total count
                 A         B        C        D         E       F
            +---------+---------+-------+---------+---------+-------
      Total |     512 |      22 |   4.1 |      61 |      20 |  24.7
            +---------+---------+-------+---------+---------+-------
        D:1 |      23 |       0 |   0.0 |       6 |       0 |   0.0
        D:2 |      39 |      22 |  36.1 |      16 |      20 |  55.6
        D:3 |     112 |       0 |   0.0 |      20 |       0 |   0.0
        D:4 |     309 |       0 |   0.0 |      14 |       0 |   0.0
        D:5 |      29 |       0 |   0.0 |       5 |       0 |   0.0
            +---------+---------+-------+---------+---------+-------

Illustrated notes

Table legend:
 A = Kills in this place as a percentage of kills in entire the game.
 B = Kills by you in this place as a percentage of kills by you in the entire game.
 C = Kills by friends in this place as a percentage of kills by friends in the entire game.
 D = Other kills in this place as a percentage of other kills in the entire game.
 E = Experience gained in this place as a percentage of experience gained in the entire game.
 F = Experience gained in this place divided by the number of levels of this place that you have seen.
                   A       B       C       D       E      F
               +-------+-------+-------+-------+-------+----------------------
         Total | 100.0 | 100.0 |   N/A |   N/A | 100.0 | 106.8
       Dungeon | 100.0 | 100.0 |   N/A |   N/A | 100.0 | 106.8
               +-------+-------+-------+-------+-------+----------------------

Table legend: (Time is in decaauts)
 A = Elapsed time spent in this place.
 B = Non-inter-level travel time spent in this place.
 C = Inter-level travel time spent in this place.
 D = Time resting spent in this place.
 E = Time spent auto-exploring this place.
 F = Levels seen in this place.
 G = Mean time per level.
                   A        B        C        D        E       F      G
               +--------+--------+--------+--------+--------+-----+--------+
         Total |   5055 |   4729 |    326 |    695 |   3284 |   5 | 1011.0 |
       Dungeon |   5055 |   4729 |    326 |    695 |   3284 |   5 | 1011.0 |
               +--------+--------+--------+--------+--------+-----+--------+

Top non-repeatable levels by time:
     D:3: 1721 daAuts
     D:1: 1168 daAuts
     D:4: 951 daAuts
     D:2: 943 daAuts
     D:5: 270 daAuts
